 Dungeon Crawl Stone Soup version 0.28-a0-983-g1de4e0787c (console) character file.

Game seed: 1578998296745385446

11 petzl the Vexing (level 2, -9/18 HPs)
             Began as an Octopode Arcane Marksman on Dec 2, 2021.
             Engulfed by a cloud of flame (27 damage)
             ... on level 1 of the Dungeon.
             The game lasted 00:00:47 (481 turns).

petzl the Vexing (Octopode Arcane Marksman)          Turns: 481, Time: 00:00:47

Health: -9/18      AC:  1    Str:  9    XL:     2   Next: 25%
Magic:  3/3        EV: 13    Int: 15    God:
Gold:   29         SH:  0    Dex: 12    Spells: 2/3 levels left

rFire   . . .      SeeInvis .   a - +0 hand crossbow
rCold   . . .      Faith    .   (no shield)
rNeg    . . .      Spirit   .   (helmet restricted)
rPois   .          Reflect  .   (no amulet)
rElec   .          Harm     .   (no ring)
rCorr   .          Rampage  .   (no ring)
Will    .....                   (no ring)
Stlth   +++.......              (no ring)
HPRegen 0.06/turn               (no ring)
MPRegen 0.08/turn               (no ring)
                                (no ring)
                                (no ring)

@: no status effects
A: almost no armour, amphibious, 8 rings, camouflage 1, gelatinous body 1,
(nimble swimmer 1), tentacles
a: no special abilities


You were on level 1 of the Dungeon.
You visited 1 branch of the dungeon, and saw 1 of its levels.

You collected 29 gold pieces.

Inventory:

Hand Weapons
 a - a +0 hand crossbow (weapon)
Missiles
 c - 16 bolts (quivered ammo)
Potions
 b - a potion of mutation {unknown}
 d - 2 potions of curing {unknown}
 e - a potion of heal wounds {unknown}


   Skills:
 + Level 1.2 Fighting
 + Level 2.1 Crossbows
 + Level 2.1 Dodging
 + Level 1.0 Stealth
 + Level 1.2 Spellcasting
 - Level 3.0 Hexes


You had 2 spell levels left.
You knew the following spells:

 Your Spells              Type           Power      Damage    Failure   Level
a - Slow                  Hex            36%        N/A       7%          1

Your spell library contained the following spells:

 Spells                   Type           Power      Damage    Failure   Level
 Inner Flame              Hex/Fire       5%         N/A       36%         3
 Portal Projectile        Hex/Tloc       10%        N/A       36%         3
 Cause Fear               Hex            4%         N/A       56%         4


Dungeon Overview and Level Annotations

Branches:
Dungeon (1/15)

Altars:


Innate Abilities, Weirdness & Mutations

You cannot wear most types of armour.
You are amphibious.
You can wear up to eight rings at the same time.
Your skin changes colour to match your surroundings (Stealth+).
Your rubbery body absorbs attacks. (AC +1, EV +1)
((You are camouflaged near water. (Stealth+)))
You have tentacles for arms and can constrict up to eight enemies at once.


Message History

The bolt closely misses the frilled lizard.
You shoot a bolt. The bolt hits the frilled lizard.
The frilled lizard is heavily wounded.
You shoot a bolt. The bolt misses the frilled lizard.
The frilled lizard completely misses you.
You shoot a bolt.
The bolt closely misses the frilled lizard.
The frilled lizard completely misses you.
You shoot a bolt. The bolt hits the frilled lizard.
You kill the frilled lizard!
c - 11 bolts (gained 1)
c - 12 bolts (gained 1)
c - 13 bolts (gained 1)
c - 14 bolts (gained 1)
You now have 29 gold pieces (gained 12).
c - 16 bolts (gained 2)
A bat comes into view.
A bat is nearby!
A bat is nearby!
A bat is nearby!
A bat is nearby!
You shoot a bolt. The bolt hits the bat.
You kill the bat!
No target in view!
No target in view!
No target in view!
c - 16 bolts (gained 1) Partly explored, can't reach some items and places.
Partly explored, can't reach some items and places.
Partly explored, can't reach some items and places.
Partly explored, can't reach some items and places.
Unknown command.
Unknown command.
Really wriggle into a travel-excluded area?
Really wriggle into that cloud of flame?
Okay, then.
Unknown command.
You are engulfed in blazing flames.
Ouch! That really hurt!
You die...

.##.....## ##### #.#..##..##
#...# .##..###..####...#
##......#........#
.###....######...# #.##....#
###...# .##....#####.....#
###..........#####
.##.....###### #.#......#
.##......########
.........##..>..############
...........................#
.............#####...#####.#
#............# #§○○# #.#
#............# #☼☼§# #.#
#............# #.§§# #.#
.............#####...#####.#
##............§§§.)...○○@..#
###...........§§§.(.).°☼§..#
# ##..>..##...○§..(.).§§§.##
# ####..#########...###### #
#.## #°§ ### #.# #§
..#####.# # #.......#
≈.......## .P≈P.....#
≈PPPP....# ≈♣≈PPP...#
♣≈≈≈PP...# ♣♣≈≈≈P...#
≈≈♣≈PP..## ≈≈≈P≈P...#
≈.≈≈P....# P≈.......#
.........#


There were no monsters in sight!

Vanquished Creatures
  A ball python (D:1)
  2 bats (D:1)
  An endoplasm (D:1)
  A goblin (D:1)
  2 hobgoblins (D:1)
  2 frilled lizards (D:1)
  A rat (D:1)
10 creatures vanquished.

Notes
Turn   | Place    | Note
-------+----------+-------------------------------------------
     0 | D:1      | petzl the Octopode Arcane Marksman began the quest for the
                  | Orb.
     0 | D:1      | Reached XP level 1. HP: 13/13 MP: 2/2
   206 | D:1      | Reached XP level 2. HP: 18/18 MP: 3/3
   240 | D:1      | Reached skill level 1 in Stealth
   481 | D:1      | Engulfed by a cloud of flame

Illustrated notes

Levels and vault maps discovered:
D:1:      dpeg_arrival_stone_temple_mockup, layout_rooms, minmay_misc_feat_rows,
          grunt_decor_resistance, serial_bayou_lagoon_a, lemuel_flame_loot_1

Skill      XL: |  1  2 |
---------------+-------+-----
Stealth        | 1 |  1.0
Fighting       | |  1.2
Crossbows      | |  2.1
Dodging        | |  2.1
Spellcasting   | |  1.2
Hexes          | |  3.0

Action                   || total
-------------------------++-------
 Fire: Hand crossbow     ||    21
Armor: Skin              ||     1
Dodge: Dodged            ||     2

Table legend: (Time is in decaauts)
 A = Elapsed time spent in this place.
 B = Non-inter-level travel time spent in this place.
 C = Inter-level travel time spent in this place.
 D = Time resting spent in this place.
 E = Time spent auto-exploring this place.
 F = Levels seen in this place.
 G = Mean time per level.
                   A        B        C        D        E       F      G
               +--------+--------+--------+--------+--------+-----+--------+
         Total |    489 |    489 |      0 |      0 |    415 |   1 |  489.0 |
       Dungeon |    489 |    489 |      0 |      0 |    415 |   1 |  489.0 |
               +--------+--------+--------+--------+--------+-----+--------+

Top non-repeatable levels by time:
     D:1: 489 daAuts
